 Dungeon Crawl Stone Soup version 0.30.0-13-g156ef70053 (webtiles) character file.

Game seed: 3247047209035807828

743 Esekla the Sneak (level 7, 0/41 HPs)
             Began as a Deep Elf Delver on May 18, 2023.
             Was a Believer of Sif Muna.
             Killed by divine providence
             ... invoked by an orc priest
              (13 damage)
             ... on level 6 of the Dungeon.
             The game lasted 00:29:26 (3356 turns).

Esekla the Sneak (Deep Elf Delver)                  Turns: 3356, Time: 00:29:27

Health: 0/41       AC: 13    Str:  9    XL:     7   Next: 47%
Magic:  12/12      EV: 18    Int: 17    God:    Sif Muna [**....]
Gold:   237        SH:  0    Dex: 16    Spells: 7/11 levels left

rFire   . . .        a - +2 great sword (protect)
rCold   . . .        (shield currently unavailable)
rNeg    . . .        b - +0 robe
rPois   .            (no helmet)
rElec   .            (no cloak)
rCorr   .            (no gloves)
SInv    .            (no boots)
Will    .....        (no amulet)
Stlth   ++++         d - +4 ring of protection
HPRegen 0.26/turn    o - +5 ring of evasion
MPRegen 0.13/turn

%: no passive effects
@: wereblooded (expiring), under a protective aura, hasted, very quick
A: no striking features
a: Renounce Religion, Channel Magic


You were on level 6 of the Dungeon.
You worshipped Sif Muna.
Sif Muna was pleased with you.
You visited 1 branch of the dungeon, and saw 6 of its levels.

You collected 237 gold pieces.

Inventory:

Hand Weapons
 a - a +2 great sword of protection (weapon)
 s - a +1 dagger of freezing
 w - a +2 dagger of holy wrath
Missiles
 C - 6 poisoned darts (quivered)
Armour
 b - a +0 robe (worn)
Jewellery
 d - a +4 ring of protection (left hand)
 o - a +5 ring of evasion (right hand)
 y - a +4 ring of protection
 z - a +6 ring of intelligence
 E - a ring of protection from cold
Wands
 g - a wand of digging (3)
Scrolls
 c - a scroll of fog
 e - 3 scrolls of fear
 h - a scroll of torment {unknown}
 i - a scroll of amnesia {unknown}
 j - 4 scrolls of identify {unknown}
 k - 2 scrolls of enchant weapon {unknown}
 m - a scroll of immolation {unknown}
 q - a scroll of enchant armour {unknown}
 r - a scroll of vulnerability {unknown}
 v - a scroll of poison {unknown}
 x - 6 scrolls of teleportation {unknown}
Potions
 l - 2 potions of cancellation {unknown}
 n - a potion of curing
 p - a potion of attraction {unknown}
 t - 2 potions of heal wounds {unknown}
 u - 2 potions of magic {unknown}
 A - 2 potions of flight
 B - a potion of invisibility {unknown}
 D - a potion of might {unknown}


   Skills:
 + Level 3.0 Fighting
 + Level 0.5(2.5) Short Blades
 + Level 3.6 Long Blades
 + Level 0.1 Throwing
 + Level 0.2 Armour
 * Level 3.7 Dodging
 + Level 7.7 Stealth
 * Level 2.5 Spellcasting
 * Level 2.5 Conjurations
 * Level 1.9 Translocations
 * Level 2.2 Transmutations
 * Level 2.0 Air Magic
 * Level 1.7 Poison Magic


You had 7 spell levels left.
You knew the following spells:

 Your Spells              Type           Power      Damage    Failure   Level
b - Blink                 Tloc           16%        N/A       12%         2
w - Wereblood             Tmut           9%         N/A       11%         2

Your spell library contained the following spells:

 Spells                   Type           Power      Damage    Failure   Level
 Magic Dart               Conj           40%        1d5       7%          1
 Beastly Appendage        Tmut           18%        N/A       8%          1
 Kiss of Death            Conj/Necr      24%        2d7       11%         1
 Momentum Strike          Conj/Tloc      18%        3d8       11%         2
 Lesser Beckoning         Tloc           16%        N/A       12%         2
 Mephitic Cloud           Conj/Pois/Air  9%         N/A       24%         3
 Spider Form              Tmut/Pois      8%         N/A       24%         3
 Call Imp                 Summ           4%         N/A       28%         2
 Dazzling Flash           Conj/Hex       12%        N/A       32%         3
 Volatile Blastmotes      Fire/Tloc      10%        2d10      36%         3
 Iskenderun's Mystic Bla  Conj/Tloc      9%         2d4       58%         4
 Starburst                Conj/Fire      3%         6d3       100%        6


Dungeon Overview and Level Annotations

Branches:
Dungeon (6/15)
 Temple: D:4-7

Altars:
Cheibriados
Dithmenos
Elyvilon
Sif Muna
Trog
Zin
The Shining One

Shops:
D:5 [

Annotations:
D:3 Jessica
D:5 Edmund


Message History

The bullfrog barely misses you. The bullfrog closely misses you.
The bullfrog barely misses you.
You closely miss the bullfrog.
The bullfrog is severely wounded.
The bullfrog misses you. The bullfrog closely misses you.
You barely miss the bullfrog.
The bullfrog is severely wounded.
The bullfrog completely misses you. The bullfrog barely misses you.
You hit the bullfrog.
The bullfrog is almost dead.
The bullfrog hits you.
The orc priest invokes the aid of Beogh against you.
Beogh smites you!
* * * LOW HITPOINT WARNING * * *
The bullfrog closely misses you.
You barely miss the bullfrog.
The bullfrog is almost dead.
The bullfrog completely misses you.
The bullfrog hits you but does no damage.
The orc priest calls down the wrath of Beogh upon you.
Beogh smites you!
* * * LOW HITPOINT WARNING * * *
The bullfrog hits you but does no damage.
You feel better. The bullfrog misses you.
You feel yourself speed up. The bullfrog completely misses you.
The orc priest begins to cast a cantrip, but forgets the words!
The bullfrog closely misses you.
You slice the bullfrog!!
Your weapon exudes an aura of protection.
You feel a bit better.
You kill the bullfrog!
Sif Muna accepts your kill.
Your primal bloodlust is almost over.
Your Air Magic skill increases to level 2!
You slash the orc priest!
The orc priest is severely wounded.
The orc priest hits you with a +0 short sword.
The orc priest calls down the wrath of Beogh upon you.
Beogh smites you!
You die...

# .# # .# # .# . ##.
# #.# ### #.. # #.#
..# #.# # #.# #.#
#.# ###.##. #.# #@#
....... #.# #o###
###.#####.######o..#
###..............###
.....####.........#
###.## #.######.##
#.# #.# #.# #.. ..#
#.# #### #... ...


You could see an orc priest and an orc.

Vanquished Creatures
  A black bear (D:4)
  2 centaurs
  A bullfrog (D:6)
  A scorpion (D:4)
  3 hounds
  An orc priest (D:5)
  3 iguanas
  2 orc wizards (D:4)
  3 adders
  A gnoll (D:1)
  A shadow imp (D:6)
  A worm (D:4)
  A dart slug (D:2)
  7 orcs
  4 ball pythons
  An endoplasm (D:1)
  5 giant cockroaches
  6 goblins
  7 hobgoblins
  4 jackals (D:3)
  6 quokkas
  A bat (D:1)
  4 frilled lizards
  7 kobolds
  5 rats
78 creatures vanquished.

Notes
Turn   | Place    | Note
-------+----------+-------------------------------------------
     0 | D:5      | Esekla the Deep Elf Delver began the quest for the Orb.
     0 | D:5      | Reached XP level 1. HP: 13/13 MP: 3/3
    49 | D:5      | Found a glowing golden altar of the Shining One.
    49 | D:5      | Found a white marble altar of Elyvilon.
    49 | D:5      | Found a glowing silver altar of Zin.
    69 | D:5      | Found Darchajayqa's Armour Shop.
    77 | D:5      | Noticed an iguana
   102 | D:5      | Noticed Edmund
   102 | D:5      | Noticed a black bear
   173 | D:4      | Noticed a scorpion
   186 | D:4      | Killed a scorpion
   187 | D:4      | Reached skill level 7 in Stealth
   187 | D:4      | Reached XP level 2. HP: 4/18 MP: 4/4
   187 | D:4      | Reached XP level 3. HP: 4/22 MP: 5/5
   316 | D:4      | Reached XP level 4. HP: 22/27 MP: 6/6
   326 | D:4      | Found a shimmering blue altar of Sif Muna.
   334 | D:4      | Got Sif Muna's Precepts of Glowing Death
   341 | D:4      | Found a bloodstained altar of Trog.
   341 | D:4      | Noticed an orc warrior
   347 | D:4      | Became a worshipper of Sif Muna the Loreminder
   397 | D:3      | Found a snail-covered altar of Cheibriados.
   400 | D:3      | Noticed Jessica
   459 | D:2      | Learned a level 2 spell: Blink
  1357 | D:2      | Reached * piety under Sif Muna
  1358 | D:2      | Reached XP level 5. HP: 32/32 MP: 7/7
  1364 | D:2      | Learned a level 2 spell: Wereblood
  2335 | D:3      | Found a faded altar of an unknown god.
  2450 | D:4      | Reached skill level 1 in Transmutations
  2510 | D:4      | Reached skill level 1 in Conjurations
  2632 | D:4      | Killed a black bear
  2633 | D:4      | Reached skill level 1 in Spellcasting
  2633 | D:4      | Reached skill level 1 in Translocations
  2633 | D:4      | Reached skill level 1 in Poison Magic
  2633 | D:4      | Reached XP level 6. HP: 29/36 MP: 9/9
  2768 | D:5      | Reached skill level 1 in Air Magic
  3122 | D:6      | Reached XP level 7. HP: 40/40 MP: 10/12
  3173 | D:6      | Found a shadowy altar of Dithmenos.
  3180 | D:6      | Reached ** piety under Sif Muna
  3356 | D:6      | Killed from afar by an orc priest

Illustrated notes

Levels and vault maps discovered:
D:1:      dpeg_arrival_rooms_b, layout_loops_ring
D:2:      layout_basic
D:3:      layout_rooms, slow_altar_1, basic_ecumenical_altar, uniq_jessica
D:4:      layout_loops_ring, nzn_overflow_gifts_of_might_and_magic,
          columned_hall_lemuel, nicolae_concentric_dashed_squares_mild
D:5:      layout_loops_ring, dreamdust_divine_triumvirate,
          nicolae_take_the_stairs, kennysheep_crisscross, cheibrodos_gnoll_hut,
          uniq_edmund
D:6:      layout_loops_ring, dk_yredelemnul_ordeal,
          mainiacjoe_overflow_small_starburst, amethyst_overflow_temple_binary

Skill      XL: |  1  2  3  4  5  6  7 |
---------------+----------------------+-----
Long Blades    | 2 3 |  3.6
Stealth        | 7 |  7.7
Dodging        | 3 |  3.7
Transmutations | 1 2 |  2.2
Conjurations   | 2 |  2.5
Spellcasting   | 1 2 |  2.5
Translocations | 1 |  1.9
Poison Magic   | 1 |  1.7
Air Magic      | 1 2 |  2.0
Fighting       | 3 |  3.0
Short Blades   | |  0.5
Throwing       | |  0.1
Armour         | |  0.2

Action                     |  1- 3 |  4- 6 |  7- 9 || total
---------------------------+-------+-------+-------++-------
  Melee: Great sword       |    15 |   167 |    20 ||   202
         Dagger            |       |    24 |     2 ||    26
  Throw: Dart              |       |     3 |       ||     3
   Cast: Wereblood         |       |     1 |     1 ||     2
    Use: Potion            |     1 |     1 |     2 ||     4
         Scroll            |     1 |       |       ||     1
   Stab: Sleeping          |       |    22 |     2 ||    24
         Distracted        |       |     1 |       ||     1
 Armour: Leather armour    |     2 |       |       ||     2
         Robe              |     3 |    63 |     7 ||    73
  Dodge: Dodged            |    13 |   213 |    32 ||   258
